 Dungeon Sprint DCSS version 0.21-a0-278-ga722497 (webtiles) character file.

232 vatarom the Gouger (level 5, -1/29 HPs)
             Began as a Felid Monk on Sept 20, 2017.
             Was a Believer of Wu Jian.
             Asphyxiated
             ... in the Dungeon (Sprint I: "Red Sonja").
             The game lasted 00:01:43 (566 turns).

vatarom the Gouger (Felid Monk)                      Turns: 566, Time: 00:01:43

Health: -1/29      AC:  2    Str:  8    XL:     5   Next: 73%
Magic:  6/6        EV: 25    Int: 11    God:    Wu Jian [**....]
Gold:   172        SH:  0    Dex: 20    Spells: 4/4 levels left
                                        Lives:  0   Deaths: 1

rFire    . . .     SeeInvis +     - Unarmed
rCold    . . .     Gourm    .   (shield unavailable)
rNeg     . . .     Faith    .   (armour unavailable)
rPois    .         Spirit   .   (helmet unavailable)
rElec    .         Reflect  .   (cloak unavailable)
rCorr    .         Harm     .   (gloves unavailable)
MR       .....     NoTele   +   (boots unavailable)
Stlth    ++........             (no amulet)
HPRegen  0.09/turn              (no ring)
MPRegen  0.10/turn              (no ring)

@: lethally poisoned (-1 -> -14), heavily drained, quick
A: no armour, no weapons or thrown items, stealth, claws 1, fangs 3, see
invisible, carnivore 3, speed 1, shaggy fur 2, slow metabolism 1, sharp paws
a: Renounce Religion


You were in the Dungeon.
You worshipped Wu Jian.
Wu Jian was pleased with you.
You were not hungry.

You visited 1 branch You collected 172 gold pieces.

Inventory:

Scrolls
 g - a scroll of blinking
Potions
 e - 2 potions of magic
Comestibles
 a - a meat ration


   Skills:
 + Level 7.8(6.1) Fighting
 + Level 10.2(8.3) Dodging
 * Level 2.6(1.1) Stealth
 * Level 10.7(8.8) Unarmed Combat


You had 4 spell levels left.
You didn't know any spells.

Dungeon Overview and Level Annotations

Branches:
Dungeon (1/1)

Altars:
Cheibriados
Dithmenos
Elyvilon
Fedhas
Gozag
Hepliaklqana
Kikubaaqudgha
Nemelex Xobeh
Okawaru
Qazlal
Ru
Sif Muna
Trog
Uskayaw
Vehumet
Wu Jian
Yredelemnul
Zin
The Shining One

Shops:
D }

Annotations:
D Sonja


Innate Abilities, Weirdness & Mutations

You cannot wear armour.
You are incapable of wielding weapons or throwing items.
Your paws allow you to move quietly. (Stealth)
You have sharp claws.
You have razor-sharp teeth.
You have supernaturally acute eyesight. (SInv)
You are carnivorous and can eat meat at any time.
You cover ground quickly.
You are covered in thick fur. (AC +2)
You have a slow metabolism.
Your sharp claws are effective at attacking unaware monsters.


Message History

Sonja wields a +2 short sword of draining.
You sense an unholy aura.
Sonja closely misses you. Sonja misses you. Sonja closely misses you.
There is a hazy altar of Hepliaklqana here.
You claw Sonja!
Sonja is almost dead.
Sonja gestures wildly while chanting.
Sonja blinks!
Sonja unwields a +2 short sword of draining.
Sonja wields an uncursed enchanted blowgun.
Sonja shoots a curare-tipped needle.
The curare-tipped needle barely misses you.
You close the door.
There is a stormy altar of Qazlal here.
You start resting.
Sonja, the Graceful Assassin opens the door.
She is wielding an enchanted blowgun.
Sonja shoots a curare-tipped needle.
The curare-tipped needle hits you.
You are lethally poisoned!
You have difficulty breathing.
You die...

################
#<.#..').#.)'..#
#..'[.#..'..#..+
#..#####'#####'#
#..####..# #.#
#..#__#### ##(#§
#..#_____##+#_.§§
#⌠⌠#_.∩(@.'K(._#
####_..__##_†#+#
#_____###'#
####### #.# $.$
$.$ ##.## #+#


You could see Sonja.

Vanquished Creatures
  Sigmund (D)
  A yak (D)
  An ogre (D)
  A jelly (D)
  Ijyb (D)
5 creatures vanquished.

Notes
Turn   | Place    | Note
-------+----------+-------------------------------------------
     0 | D        | vatarom the Felid Monk began the quest for the Orb.
     0 | D        | Reached XP level 1. HP: 10/10 MP: 2/2
     2 | D        | Noticed Ijyb
    21 | D        | Killed Ijyb
    21 | D        | Reached skill level 5 in Dodging
    21 | D        | Reached skill level 5 in Unarmed Combat
    21 | D        | Reached XP level 2. HP: 6/15 MP: 3/3
   180 | D        | Noticed an ogre
   187 | D        | Killed an ogre
   187 | D        | Reached skill level 5 in Fighting
   187 | D        | Reached XP level 3. HP: 17/19 MP: 4/4
   187 | D        | Reached XP level 4. HP: 20/23 MP: 5/5
   236 | D        | Noticed Sigmund
   261 | D        | Killed Sigmund
   261 | D        | Reached XP level 5. HP: 12/28 MP: 6/6
   261 | D        | Gained mutation: You are covered in thick fur. (AC +2) [Felid growth]
   261 | D        | Reached XP level 6. HP: 13/31 MP: 7/7
   442 | D        | Found an ornate altar of the Wu Jian Council.
   442 | D        | Found a deep blue altar of Sif Muna.
   444 | D        | Found a radiant altar of Vehumet.
   447 | D        | Became a worshipper of the Wu Jian Council
   447 | D        | Reached * piety under Wu Jian
   447 | D        | Reached ** piety under Wu Jian
   451 | D        | Noticed Sonja
   455 | D        | Found Ezuru's Gadget Emporium.
   455 | D        | Found an ancient bone altar of Kikubaaqudgha.
   455 | D        | Found a hazy altar of Hepliaklqana.
   455 | D        | Found a stormy altar of Qazlal.
   455 | D        | Found a hide-covered altar of Uskayaw.
   455 | D        | Found a blossoming altar of Fedhas.
   455 | D        | Found a bloodstained altar of Trog.
   455 | D        | Found an iron altar of Okawaru.
   455 | D        | Found a basalt altar of Yredelemnul.
   455 | D        | Found a glowing golden altar of the Shining One.
   455 | D        | Found a snail-covered altar of Cheibriados.
   455 | D        | Found a sacrificial altar of Ru.
   455 | D        | Found a glowing silver altar of Zin.
   455 | D        | Found a shadowy altar of Dithmenos.
   455 | D        | Found a white marble altar of Elyvilon.
   455 | D        | Noticed a yak
   456 | D        | Found an opulent altar of Gozag.
   457 | D        | Killed a yak
   457 | D        | Reached skill level 10 in Dodging
   457 | D        | Reached skill level 10 in Unarmed Combat
   458 | D        | Found a sparkling altar of Nemelex Xobeh.
   483 | D        | Slain by Sonja
   484 | D        | Reached XP level 5. HP: 0/29 MP: 6/6
   566 | D        | Asphyxiated

Vault maps used:
D:        dungeon_sprint_1

Skill      XL: |  1  2  3  4  5  6 |
---------------+-------------------+-----
Fighting       | 4 5 6 7 |  7.8
Dodging        | 5 7 9 10 | 10.2
Unarmed Combat | 5 7 9 10 | 10.7
Stealth        | |  2.6

Action                   |  1- 3 |  4- 6 || total
-------------------------+-------+-------++-------
Melee: Unarmed           |    23 |    32 ||    55
       Bite              |     5 |     2 ||     7
       Punch             |       |     1 ||     1
  Use: Potion            |     2 |     2 ||     4
 Stab: Sleeping          |       |     2 ||     2
  Eat: Chunk             |       |     7 ||     7
Dodge: Dodged            |    13 |    34 ||    47

Table legend:
 A = Spawn XP
 B = Non-spawn XP
 C = Spawn XP percentage of total XP
 D = Spawn monster count
 E = Non-spawn monster count
 F = Spawn count percentage of total count
 G = Total turns spent on level
                    A         B        C        D         E        F      G
               +---------+---------+-------+---------+---------+-------+---------
         Total |       0 |     642 |   0.0 |       0 |       5 |   0.0 |   566
               +---------+---------+-------+---------+---------+-------+---------
             D |       0 |     642 |   0.0 |       0 |       5 |   0.0 |   566
               +---------+---------+-------+---------+---------+-------+---------
